 Dungeon Crawl Stone Soup version 0.24.0-37-gcf1ca852f1 (webtiles) character file.

Game seed: 4330574150046311598, levelgen mode: deterministic

549 FishyPogo the Charmwright (level 7, -1/56 HPs)
             Began as a Gnoll Skald on Dec 1, 2019.
             Was a Believer of Makhleb.
             Shot with an arrow by a centaur (6 damage)
             ... on level 5 of the Dungeon.
             The game lasted 00:17:45 (3257 turns).

FishyPogo the Charmwright (Gnoll Skald)             Turns: 3257, Time: 00:17:45

Health: -1/56      AC:  5    Str: 13    XL:     7   Next: 28%
Magic:  8/15       EV: 15    Int: 15    God:    Makhleb [**....]
Gold:   208        SH:  0    Dex: 17    Spells: 6/17 levels left

rFire    . . .     SeeInvis .   a - +3 dagger
rCold    . . .     Gourm    .   (no shield)
rNeg     . . .     Faith    +   p - +0 leather armour (curse)
rPois    .         Spirit   .   g - +0 hat {MR+}
rElec    .         Reflect  .   (no cloak)
rCorr    .         Harm     .   (no gloves)
MR       +....                  (no boots)
Stlth    ++........             l - amulet of faith
HPRegen  1.18/turn              u - ring of flight
MPRegen  0.14/turn              s - +2 ring of protection

@: very slightly contaminated, regenerating
A: distributed training, fangs 1, strong nose
a: Minor Destruction, Renounce Religion, Evoke Flight


You were on level 5 of the Dungeon.
You worshipped Makhleb.
Makhleb was pleased with you.
You were not hungry.

You visited 1 branch of the dungeon, and saw 5 of its levels.

You collected 208 gold pieces.

Inventory:

Hand Weapons
 a - a +3 dagger (weapon)
 b - a +2 dagger of holy wrath
Missiles
 j - 314 stones (quivered)
 v - 11 poisoned darts
Armour
 g - a +0 hat of magic resistance (worn)
 p - a cursed +0 leather armour (worn)
 x - a +0 cloak
Jewellery
 l - an amulet of faith (around neck)
 s - a +2 ring of protection (right hand)
 u - a ring of flight (left hand)
Wands
 n - a wand of polymorph (9)
Scrolls
 f - 4 scrolls of remove curse
 h - 3 scrolls of magic mapping {unknown}
 i - a scroll of noise {unknown}
 m - 5 scrolls of identify {unknown}
 o - 3 scrolls of fog {unknown}
 r - a scroll of random uselessness {unknown}
 t - a scroll of teleportation {unknown}
 y - a scroll of enchant armour {unknown}
 C - 2 scrolls of amnesia {unknown}
Potions
 c - 2 potions of haste
 e - a potion of degeneration {unknown}
 k - 3 potions of ambrosia {unknown}
 q - 3 potions of curing
 w - a potion of heal wounds
 z - a potion of brilliance {unknown}
 B - 2 potions of agility {unknown}
 D - a potion of lignification {unknown}
Comestibles
 d - 10 rations


   Skills:
 + Level 5.2 Fighting
 + Level 2.3 Short Blades
 + Level 5.2 Long Blades
 + Level 2.3 Axes
 + Level 2.3 Maces & Flails
 + Level 2.3 Polearms
 + Level 2.3 Staves
 + Level 2.3 Slings
 + Level 2.3 Bows
 + Level 2.3 Crossbows
 + Level 2.3 Throwing
 + Level 3.5 Armour
 + Level 5.2 Dodging
 + Level 2.3 Stealth
 + Level 2.3 Shields
 + Level 2.3 Unarmed Combat
 + Level 5.5 Spellcasting
 + Level 1.9 Conjurations
 + Level 1.9 Hexes
 + Level 5.8 Charms
 + Level 1.9 Summonings
 + Level 1.9 Necromancy
 + Level 1.9 Translocations
 + Level 1.9 Transmutations
 + Level 1.9 Fire Magic
 + Level 1.9 Ice Magic
 + Level 1.9 Air Magic
 + Level 1.9 Earth Magic
 + Level 1.9 Poison Magic
 + Level 2.6 Invocations
 + Level 2.3 Evocations


You had 6 spell levels left.
You knew the following spells:

 Your Spells              Type           Power        Failure   Level  Hunger
h - Regeneration          Chrm/Necr      ###.......   12%         3    ###....
n - Spectral Weapon       Hex/Chrm       ###.....     12%         3    ###....
p - Shroud of Golubria    Chrm/Tloc      ###...       6%          2    #......
u - Song of Slaying       Chrm           ###.....     2%          2    #......
y - Infusion              Chrm           ###.         1%          1    None

Your spell library contained the following spells:

 Spells                   Type           Power        Failure   Level  Hunger


Dungeon Overview and Level Annotations

Branches:
Dungeon (5/15)
 Temple: D:4-7

Altars:
Elyvilon
Gozag
Makhleb
Xom

Annotations:
D:5 Dowan, Duvessa


Innate Abilities, Weirdness & Mutations

Your experience applies equally to all skills.
You have very sharp teeth.
Your uncanny sense of smell can sniff out nearby items.


Message History

The centaur shouts!
The centaur wields a +0 shortbow.
The centaur shoots an arrow.
The arrow completely misses you.
The centaur drinks a potion.
The centaur seems to speed up.
The centaur shoots an arrow.
The arrow hits you!
The centaur shoots an arrow.
The arrow barely misses you.
You see here an arrow.
The centaur shoots an arrow.
The arrow completely misses you.
The centaur shoots an arrow.
The arrow misses you.
The centaur shoots an arrow.
The arrow hits you!
* * * LOW HITPOINT WARNING * * *
The centaur shoots an arrow.
The arrow hits you!
* * * LOW HITPOINT WARNING * * *
You see here an arrow.
Casting: Regeneration (safe; 12% risk of failure)
Confirm with . or Enter, or press ? or * to list all spells.
Your skin crawls.
The centaur shoots an arrow.
The arrow hits you.
* * * LOW HITPOINT WARNING * * *
The centaur shoots an arrow.
The arrow hits you.
You die...

#.# #.# #.#...# ..
.)....# .#
)#.##....#########.###
##..## #...#.........#
......# ##...........#
###.... ........c...#
######...............#
..## ### #....@....#
...## #.........#
....# #....(....#
....# ####....###
....# ##.((##.# ....#
#..### .# ....# #.##
.. ....# #.# #..
....########.######...


You could see a centaur.

Vanquished Creatures
  A scorpion (D:4)
  A hound (D:4)
  A jelly (D:4)
  A bullfrog skeleton (D:4)
  An orc priest (D:3)
  Crazy Yiuf (D:3)
  An iguana (D:5)
  2 orc wizards
  Natasha (twice) (D:3)
  A worker ant (D:4)
  A hound skeleton (D:5)
  A howler monkey skeleton (D:4)
  Robin (D:3)
  5 adders
  2 oozes
  A worm (D:4)
  3 leopard geckos
  6 orcs
  3 giant cockroaches
  18 goblins
  8 hobgoblins
  10 jackals
  12 kobolds
  5 quokkas
  A ball python (D:3)
  9 bats
  3 frilled lizards
  A leopard gecko skeleton (D:4)
  A quokka skeleton (D:4)
  6 rats
109 creatures vanquished.

Vanquished Creatures (others)
  Ijyb (D:4)
  A worker ant (D:4)
  An adder (D:4)
  A leopard gecko (D:4)
  A frilled lizard (D:4)
  2 spectral weapons (D:5)
7 creatures vanquished.

Grand Total: 116 creatures vanquished

Notes
Turn   | Place    | Note
-------+----------+-------------------------------------------
     0 | D:1      | FishyPogo the Gnoll Skald began the quest for the Orb.
     0 | D:1      | Reached XP level 1. HP: 20/20 MP: 6/6
    85 | D:1      | Reached XP level 2. HP: 10/26 MP: 2/7
   143 | D:1      | Learned a level 2 spell: Song of Slaying
   146 | D:1      | Learned a level 2 spell: Shroud of Golubria
   439 | D:1      | Reached XP level 3. HP: 27/31 MP: 9/9
   502 | D:2      | Reached skill level 5 in Spellcasting
   697 | D:2      | Reached skill level 1 in Invocations
   874 | D:2      | Reached skill level 1 in Short Blades
   874 | D:2      | Reached skill level 1 in Axes
   874 | D:2      | Reached skill level 1 in Maces & Flails
   874 | D:2      | Reached skill level 1 in Polearms
   874 | D:2      | Reached skill level 1 in Staves
   874 | D:2      | Reached skill level 1 in Slings
   874 | D:2      | Reached skill level 1 in Bows
   874 | D:2      | Reached skill level 1 in Crossbows
   874 | D:2      | Reached skill level 1 in Throwing
   874 | D:2      | Reached skill level 1 in Stealth
   874 | D:2      | Reached skill level 1 in Shields
   874 | D:2      | Reached skill level 1 in Unarmed Combat
   874 | D:2      | Reached skill level 1 in Evocations
   917 | D:2      | Found an opulent altar of Gozag.
  1147 | D:3      | Reached XP level 4. HP: 38/38 MP: 11/11
  1170 | D:3      | Noticed Natasha
  1177 | D:3      | Killed Natasha
  1229 | D:2      | Found a white marble altar of Elyvilon.
  1229 | D:2      | Found a burning altar of Makhleb.
  1233 | D:2      | Became a worshipper of Makhleb the Destroyer
  1250 | D:3      | Reached skill level 1 in Conjurations
  1250 | D:3      | Reached skill level 1 in Hexes
  1250 | D:3      | Reached skill level 1 in Summonings
  1250 | D:3      | Reached skill level 1 in Necromancy
  1250 | D:3      | Reached skill level 1 in Translocations
  1250 | D:3      | Reached skill level 1 in Transmutations
  1250 | D:3      | Reached skill level 1 in Fire Magic
  1250 | D:3      | Reached skill level 1 in Ice Magic
  1250 | D:3      | Reached skill level 1 in Air Magic
  1250 | D:3      | Reached skill level 1 in Earth Magic
  1250 | D:3      | Reached skill level 1 in Poison Magic
  1336 | D:3      | Found a runed translucent door.
  1337 | D:3      | Noticed Crazy Yiuf
  1457 | D:3      | Reached XP level 5. HP: 37/43 MP: 7/12
  1506 | D:3      | Noticed Natasha
  1512 | D:3      | Killed Natasha
  1517 | D:3      | Learned a level 3 spell: Regeneration
  1521 | D:3      | Learned a level 3 spell: Spectral Weapon
  1532 | D:3      | You fall into a shaft and drop 1 floor!
  1556 | D:5      | Entered Level 5 of the Dungeon
  1586 | D:4      | Noticed Ijyb
  1777 | D:3      | Noticed Robin
  1779 | D:3      | Reached XP level 6. HP: 45/50 MP: 10/13
  1785 | D:3      | Reached * piety under Makhleb
  1797 | D:3      | Killed Robin
  2242 | D:3      | Killed Crazy Yiuf
  2291 | D:4      | Reached skill level 5 in Fighting
  2291 | D:4      | Reached skill level 5 in Long Blades
  2291 | D:4      | Reached skill level 5 in Dodging
  2486 | D:4      | Killed Ijyb
  2516 | D:4      | Found a shimmering altar of Xom.
  2630 | D:4      | Reached ** piety under Makhleb
  2630 | D:4      | Reached XP level 7. HP: 37/56 MP: 6/15
  3052 | D:5      | Noticed Duvessa
  3054 | D:5      | Noticed Dowan
  3257 | D:5      | Shot with an arrow by a centaur

Levels and vault maps discovered:
D:1:      scummos_arrival_checkerplants, layout_rooms
D:2:      layout_basic, nicolae_overflow_hidden_temple, first_ration
D:3:      layout_loops_ring, uniq_crazy_yiuf_cottage, uniq_robin, uniq_natasha
D:4:      layout_loops_ring, nicolae_overflow_crystal_walls, uniq_ijyb
D:5:      layout_rooms, uniq_duvessa

Skill      XL: |  1  2  3  4  5  6 |
---------------+-------------------+-----
Spellcasting   | 5 |  5.5
Invocations    | 1 2 |  2.6
Short Blades   | 1 2 |  2.3
Axes           | 1 2 |  2.3
Maces & Flails | 1 2 |  2.3
Polearms       | 1 2 |  2.3
Staves         | 1 2 |  2.3
Slings         | 1 2 |  2.3
Bows           | 1 2 |  2.3
Crossbows      | 1 2 |  2.3
Throwing       | 1 2 |  2.3
Stealth        | 1 2 |  2.3
Shields        | 1 2 |  2.3
Unarmed Combat | 1 2 |  2.3
Evocations     | 1 2 |  2.3
Conjurations   | 1 |  1.9
Hexes          | 1 |  1.9
Summonings     | 1 |  1.9
Necromancy     | 1 |  1.9
Translocations | 1 |  1.9
Transmutations | 1 |  1.9
Fire Magic     | 1 |  1.9
Ice Magic      | 1 |  1.9
Air Magic      | 1 |  1.9
Earth Magic    | 1 |  1.9
Poison Magic   | 1 |  1.9
Armour         | 3 |  3.5
Fighting       | 5 |  5.2
Long Blades    | 5 |  5.2
Dodging        | 5 |  5.2
Charms         | |  5.8

Action                   |  1- 3 |  4- 6 |  7- 9 || total
-------------------------+-------+-------+-------++-------
Melee: Falchion          |    38 |       |       ||    38
       Bite              |    12 |    20 |     5 ||    37
       Dagger            |    64 |   175 |    47 ||   286
       Punch             |       |     1 |       ||     1
       Unarmed           |       |     3 |       ||     3
Throw: Stone             |       |     2 |       ||     2
 Cast: Infusion          |     4 |     9 |       ||    13
       Song of Slaying   |     4 |     3 |     1 ||     8
       Spectral Weapon   |       |     3 |     6 ||     9
       Regeneration      |       |     4 |     5 ||     9
       Shroud of Golubri |       |     3 |       ||     3
Invok: Minor Destruction |       |       |     6 ||     6
  Use: Scroll            |     1 |       |       ||     1
 Stab: Sleeping          |     1 |     5 |     2 ||     8
       Confused          |       |     1 |       ||     1
  Eat: Chunk             |     1 |     6 |     3 ||    10
Armor: Leather armour    |    20 |    33 |    10 ||    63
Dodge: Dodged            |    79 |    97 |    45 ||   221
       Rpst.: Falchion   |     5 |       |       ||     5
